 Dungeon Crawl Stone Soup version 0.27-a0-394-g49c82dfaf2 (webtiles) character file.

Game seed: 12656257367973669604

347 jasper the Sneak (level 6, 0/32 HPs)
             Began as a Spriggan Brigand on Feb 21, 2021.
             Succumbed to a kobold brigand's poison
             ... in a sewer.
             The game lasted 00:05:31 (4330 turns).

jasper the Sneak (Spriggan Brigand)                 Turns: 4330, Time: 00:05:32

Health: 0/32       AC:  3    Str: 13    XL:     6   Next: 33%
Magic:  7/7        EV: 20    Int: 13    God:
Gold:   241        SH:  0    Dex: 18    Spells: 5/5 levels left

rFire    . . .     SeeInvis +   v - +1 dagger (venom)
rCold    . . .     Faith    .   (shield restricted)
rNeg     . . .     Spirit   .   b - +0 robe
rPois    .         Reflect  .   (helmet restricted)
rElec    .         Harm     .   c - +0 cloak
rCorr    .         Rampage  .   (gloves unavailable)
Will     ++...                  (boots unavailable)
Stlth    +++.......             (no amulet)
HPRegen  0.10/turn              k - +6 ring of strength
MPRegen  0.10/turn              p - ring of willpower

@: lethally poisoned (0 -> -4), very quick
A: very small, unfitting armour, see invisible, speed 3
a: no special abilities


You were in a sewer.
You visited 1 branch of the dungeon, and saw 4 of its levels.
You also visited: Sewer.

You collected 241 gold pieces.

Inventory:

Hand Weapons
 a - a +2 dagger
 j - a +0 short sword
 v - a +1 dagger of venom (weapon)
Missiles
 d - 22 poisoned darts (quivered)
 e - 2 curare-tipped darts
 g - 99 stones
 n - 7 boomerangs
Armour
 b - a +0 robe (worn)
 c - a +0 cloak (worn)
Jewellery
 k - a +6 ring of strength (left hand)
 l - a ring of flight
 p - a ring of willpower (right hand)
Scrolls
 f - 2 scrolls of noise
 i - 2 scrolls of teleportation
 t - a scroll of immolation {unknown}
 u - 3 scrolls of random uselessness {unknown}
 w - a scroll of identify
 x - a scroll of blinking {unknown}
Potions
 h - a potion of might
 m - 3 potions of haste
 o - a potion of mutation
 q - a potion of flight {unknown}
 r - 2 potions of curing {unknown}
 s - 2 potions of brilliance {unknown}


   Skills:
 + Level 3.0 Fighting
 * Level 5.4 Short Blades
 - Level 2.0 Throwing
 - Level 0.1 Armour
 + Level 4.2 Dodging
 - Level 6.0 Stealth


You had 5 spell levels left.
You didn't know any spells.
Your spell library was empty.

Dungeon Overview and Level Annotations

Branches:
Dungeon (4/15)              Sewer (1/1)
 Temple: D:4-7

Altars:


Innate Abilities, Weirdness & Mutations

You are very small and have problems with some larger weapons.
You are too small for most types of armour.
You have supernaturally acute eyesight. (SInv)
You cover ground extremely quickly.


Message History

The kobold brigand is moderately wounded.
You feel sick.
The kobold brigand splashes around in the water.
You take 1 damage, and have 12/32 hp.
You hit the kobold brigand.
The kobold brigand is moderately wounded.
The kobold brigand splashes around in the water.
You hit the kobold brigand but do no damage.
The kobold brigand is moderately wounded.
You feel sick.
You take 1 damage, and have 12/32 hp.
You barely miss the kobold brigand.
The kobold brigand is heavily wounded.
The kobold brigand closely misses you.
You hit the kobold brigand.
The kobold brigand looks even sicker.
The kobold brigand is heavily wounded.
You feel sick. The kobold brigand misses you.
You take 1 damage, and have 11/32 hp.
You hit the kobold brigand but do no damage.
The kobold brigand looks as sick as possible!
The kobold brigand is heavily wounded.
You closely miss the kobold brigand.
The kobold brigand is heavily wounded.
The kobold brigand hits you with a +0 club.
* * * LOW HITPOINT WARNING * * *
You hit the kobold brigand but do no damage.
The kobold brigand looks as sick as possible!
The kobold brigand is severely wounded.
You feel sick.
The kobold brigand splashes around in the water.
You closely miss the kobold brigand.
The kobold brigand is severely wounded.
You take 4 damage, and have 7/32 hp.
You barely miss the kobold brigand.
The kobold brigand is severely wounded.
The kobold brigand hits you with a +0 club.
* * * LOW HITPOINT WARNING * * *
You hit the kobold brigand but do no damage.
The kobold brigand is severely wounded.
You die...

##### ### #### ##...##
##..
#...≈#####≈....#####..≈
#..!K@......†≈≈≈≈≈≈...
#.!≈#####≈...≈#####≈..
##≈ ##≈≈≈## ##.† #
##≈## ##≈ #≈# #≈ #≈# #≈
#≈# ##≈ .≈. ##..
#####...


You could see a kobold brigand (extremely poisoned).

Vanquished Creatures
  A kobold brigand (Sewer)
  A bullfrog skeleton (D:3)
  9 adders
  4 river rats
  2 oozes
  3 worms
  3 dart slugs
  4 leopard geckos
  2 orcs
  7 giant cockroaches
  14 goblins
  10 hobgoblins
  6 jackals (D:1)
  10 ball pythons
  8 bats
  4 frilled lizards
  9 kobolds
  11 rats
108 creatures vanquished.

Notes
Turn   | Place    | Note
-------+----------+-------------------------------------------
     0 | D:1      | jasper the Spriggan Brigand began the quest for the Orb.
     0 | D:1      | Reached XP level 1. HP: 10/10 MP: 2/2
   124 | D:1      | Reached XP level 2. HP: 15/15 MP: 3/3
   231 | D:1      | Reached skill level 6 in Stealth
   575 | D:1      | Reached XP level 3. HP: 18/18 MP: 4/4
  1347 | D:2      | Reached XP level 4. HP: 23/23 MP: 5/5
  2623 | D:3      | Reached XP level 5. HP: 27/27 MP: 6/6
  3890 | D:4      | Found a glowing drain.
  3898 | Sewer    | Entered a sewer
  3967 | Sewer    | Reached skill level 5 in Short Blades
  4072 | Sewer    | Reached XP level 6. HP: 15/32 MP: 7/7
  4329 | Sewer    | HP: 1/32 [kobold brigand/+0 club (6)]
  4330 | Sewer    | Succumbed to a kobold brigand's poison

Illustrated notes

Levels and vault maps discovered:
D:1:      giann_bridges, layout_loops_cross, minmay_pentomino_v2
D:2:      layout_basic
D:3:      layout_basic, minmay_fountain_box, minmay_misc_feat_ornament
D:4:      cheibrodos_barr_body, layout_cave_pods,
          minmay_temple_entry_stoned_glass, portal_sewer_entry_e, serial_shops,
          nicolae_shop_window_shopping, elyvilon_altar_5, uniq_pikel
Sewer:    sewer_co_15_rooms

Skill      XL: |  1  2  3  4  5  6 |
---------------+-------------------+-----
Stealth        | 6 |  6.0
Dodging        | 2 3 4 |  4.2
Short Blades   | 3 4 5 |  5.4
Fighting       | 2 3 |  3.0
Throwing       | |  2.0
Armour         | |  0.1

Action                   |  1- 3 |  4- 6 || total
-------------------------+-------+-------++-------
Melee: Dagger            |   157 |   266 ||   423
Throw: Dart              |     4 |    25 ||    29
  Use: Scroll            |       |     5 ||     5
 Stab: Sleeping          |    12 |    10 ||    22
Armor: Robe              |    15 |    20 ||    35
Dodge: Dodged            |   110 |   183 ||   293

Table legend: (Time is in decaauts)
 A = Elapsed time spent in this place.
 B = Non-inter-level travel time spent in this place.
 C = Inter-level travel time spent in this place.
 D = Time resting spent in this place.
 E = Time spent auto-exploring this place.
 F = Levels seen in this place.
 G = Mean time per level.
                   A        B        C        D        E       F      G
               +--------+--------+--------+--------+--------+-----+--------+
         Total |   3446 |   3407 |     39 |    835 |   1846 |   5 |  689.2 |
       Dungeon |   3043 |   3004 |     39 |    835 |   1550 |   4 |  760.8 |
         Sewer |    403 |    403 |      0 |      0 |    296 |   1 |  403.0 |
               +--------+--------+--------+--------+--------+-----+--------+

Top non-repeatable levels by time:
     D:2: 1046 daAuts
     D:1: 901 daAuts
     D:3: 864 daAuts
   Sewer: 403 daAuts
     D:4: 230 daAuts
